 Dungeon Crawl Stone Soup version 0.29-a0-690-g32ab5fea29 (webtiles) character file.

Game seed: 6949618861293754

378 KristoblXynda the Slasher (level 6, -4/52 HPs)
             Began as a Draconian Gladiator on June 25, 2022.
             Slain by a water moccasin (8 damage)
             ... on level 4 of the Dungeon.
             The game lasted 00:02:57 (3948 turns).

KristoblXynda the Slasher (Draconian Gladiator)     Turns: 3948, Time: 00:02:57

Health: -4/52      AC:  6    Str: 17    XL:     6   Next: 45%
Magic:  6/6        EV: 14    Int:  8    God:
Gold:   159        SH:  0    Dex: 20    Spells: 5/5 levels left

rFire   . . .      SeeInvis .   a - +0 long sword
rCold   . . .      Faith    .   (no shield)
rNeg    . . .      Spirit   .   (body armour unavailable)
rPois   .          Reflect  .   b - +0 hat
rElec   .          Harm     .   (no cloak)
rCorr   .          Rampage  .   (no gloves)
Will    .....                   (no boots)
Stlth   ++........              (no amulet)
HPRegen 0.17/turn               p - +6 ring of dexterity
MPRegen 0.10/turn               (no ring)

@: lethally poisoned (-4 -> -13)
A: AC +6, unfitting armour, cold-blooded
a: no special abilities


You were on level 4 of the Dungeon.
You visited 1 branch of the dungeon, and saw 4 of its levels.

You collected 159 gold pieces.

Inventory:

Hand Weapons
 a - a +0 long sword (weapon)
Missiles
 d - 4 javelins (quivered)
Armour
 b - a +0 hat (worn)
Jewellery
 p - a +6 ring of dexterity (left hand)
Scrolls
 e - 3 scrolls of identify
 f - a scroll of blinking {unknown}
 g - a scroll of immolation {unknown}
 i - a scroll of vulnerability {unknown}
 j - a scroll of noise {unknown}
 m - a scroll of amnesia {unknown}
 n - a scroll of poison {unknown}
Potions
 h - a potion of mutation {unknown}
 k - a potion of attraction {unknown}
 l - 2 potions of lignification {unknown}
 o - 2 potions of heal wounds
 q - a potion of flight
 r - a potion of invisibility {unknown}
 s - a potion of brilliance {unknown}
 t - a potion of might {unknown}


   Skills:
 + Level 4.2 Fighting
 * Level 5.5 Long Blades
 - Level 2.0 Throwing
 + Level 4.0 Dodging


You had 5 spell levels left.
You didn't know any spells.
Your spell library was empty.

Dungeon Overview and Level Annotations

Branches:
Dungeon (4/15)
 Temple: D:4-7

Altars:
Dithmenos
Vehumet


Innate Abilities, Weirdness & Mutations

Your plain brown scales are hard. (AC +6)
You cannot fit into any form of body armour.
You are cold-blooded and may be slowed by cold attacks.


Message History

You miss the water moccasin.
The water moccasin is heavily wounded.
You feel sick. The water moccasin bites you.
You are too injured to fight recklessly!
You are too injured to fight recklessly!
You are too injured to fight recklessly!
You are too injured to fight recklessly!
You are too injured to fight recklessly!
You are too injured to fight recklessly!
You are too injured to fight recklessly!
You are too injured to fight recklessly!
You are too injured to fight recklessly!
You are too injured to fight recklessly!
You are too injured to fight recklessly!
You are too injured to fight recklessly!
You are too injured to fight recklessly!
You hit the water moccasin.
The water moccasin is heavily wounded.
You feel sick. The water moccasin bites you.
The water moccasin bites you but does no damage.
You hit the water moccasin.
The water moccasin is severely wounded.
You feel sick. The water moccasin bites you.
You are more poisoned.
The water moccasin poisons you! The water moccasin bites you.
* * * LOW HITPOINT WARNING * * *
You hit the water moccasin.
The water moccasin is severely wounded.
* * * LOW HITPOINT WARNING * * *
You feel very sick.
The water moccasin bites you but does no damage.
Throw: throwing net
Press: ? - help, Q - select action, (/) - cycle Shift-Dir - straight line, f - water moccasin
Aim: a water moccasin (severely wounded, 50% to hit)
You throw a throwing net.
The throwing net closely misses the water moccasin.
* * * LOW HITPOINT WARNING * * *
You feel very sick. The water moccasin bites you!
You die...

#...# ....
....##...## .
###...#..... ..
...(.......#.
.......... ......#
#S...## #.@...#
##...## #
##...###.###......
#....#.............
##.................
###..................
#....................
#....................
#.............#......


You could see a water moccasin.

Vanquished Creatures
  An ogre (D:4)
  A phantom (D:4)
  A jelly (D:4)
  Jessica (D:2)
  3 gnolls (D:4)
  6 adders
  2 worms (D:3)
  A dart slug (D:1)
  3 orcs
  7 ball pythons
  7 bats
  4 endoplasms
  7 giant cockroaches
  5 goblins
  3 hobgoblins
  7 jackals
  3 quokkas
  A frilled lizard (D:1)
  7 kobolds
  6 rats
76 creatures vanquished.

Notes
Turn   | Place    | Note
-------+----------+-------------------------------------------
     0 | D:1      | KristoblXynda the Draconian Gladiator began the quest for
                  | the Orb.
     0 | D:1      | Reached XP level 1. HP: 17/17 MP: 1/1
   382 | D:1      | Reached XP level 2. HP: 24/25 MP: 2/2
   994 | D:1      | Reached XP level 3. HP: 30/30 MP: 3/3
  1412 | D:2      | Noticed Jessica
  1429 | D:2      | Killed Jessica
  1436 | D:2      | Reached skill level 4 in Long Blades
  1436 | D:2      | Reached XP level 4. HP: 2/38 MP: 4/4
  1437 | D:2      | HP: 1/38 [constriction (1)]
  1959 | D:2      | Identified the +7 mace of Venwun {pain, +Blink Str+2 Dex-2
                  | SInv}
  2100 | D:2      | Found a faded altar of an unknown god.
  2546 | D:3      | Identified the +5 scale mail of Stoicism {rC+ Int-2 Slay+2}
  2742 | D:3      | Reached XP level 5. HP: 45/45 MP: 5/5
  2820 | D:3      | Found a shadowy altar of Dithmenos.
  3511 | D:4      | Noticed a phantom
  3531 | D:4      | Killed a phantom
  3532 | D:4      | Reached skill level 5 in Long Blades
  3532 | D:4      | Reached XP level 6. HP: 28/52 MP: 6/6
  3707 | D:4      | Found a radiant altar of Vehumet.
  3937 | D:4      | Noticed a water moccasin
  3948 | D:4      | Slain by a water moccasin

Illustrated notes

Levels and vault maps discovered:
D:1:      dpeg_arrival_snail, layout_basic, kennysheep_flooded_box
D:2:      layout_rooms, dreamdust_ecumenical_altar_statues, minmay_tetromino_s2,
          uniq_jessica
D:3:      minmay_spotlight, layout_loops_ring,
          nicolae_dithmenos_through_a_glass_darkly, kennysheep_cluttered_room,
          grunt_decor_fettered
D:4:      layout_cave_pools, vehumet_altar_wand_db,
          chequers_temple_overflow_minitemple, ebering_ghost_rock_garden,
          minmay_statues_item

Skill      XL: |  1  2  3  4  5  6 |
---------------+-------------------+-----
Throwing       | 2 |  2.0
Dodging        | 3 4 |  4.0
Fighting       | 3 4 |  4.2
Long Blades    | 4 5 |  5.5

Action                   |  1- 3 |  4- 6 || total
-------------------------+-------+-------++-------
Melee: Long sword        |    84 |   151 ||   235
       Tailslap          |     8 |    17 ||    25
       Punch             |       |     2 ||     2
Throw: Throwing net      |     2 |     1 ||     3
  Use: Potion            |     1 |       ||     1
       Scroll            |       |     1 ||     1
 Stab: Sleeping          |     2 |     3 ||     5
       Held in net/web   |     1 |       ||     1
Armor: Skin              |    31 |    51 ||    82
Dodge: Dodged            |    62 |   151 ||   213

Table legend: (Time is in decaauts)
 A = Elapsed time spent in this place.
 B = Non-inter-level travel time spent in this place.
 C = Inter-level travel time spent in this place.
 D = Time resting spent in this place.
 E = Time spent auto-exploring this place.
 F = Levels seen in this place.
 G = Mean time per level.
                   A        B        C        D        E       F      G
               +--------+--------+--------+--------+--------+-----+--------+
         Total |   3995 |   3964 |     31 |   1012 |   2365 |   4 |  998.8 |
       Dungeon |   3995 |   3964 |     31 |   1012 |   2365 |   4 |  998.8 |
               +--------+--------+--------+--------+--------+-----+--------+

Top non-repeatable levels by time:
     D:1: 1331 daAuts
     D:2: 1013 daAuts
     D:4: 867 daAuts
     D:3: 783 daAuts
